[Event "FIDE WYCC Open U18 2023"]
[Site "Montesilvano"]
[Date "2023.11.15"]
[Round "3.9"]
[White "Ilamparthi A R"]
[Black "Loftgaard, Mikkel Vinh"]
[Result "1-0"]
[ECO "B90"]
[WhiteElo "2385"]
[BlackElo "2225"]
[Annotator "RC"]
[PlyCount "67"]
[EventDate "2023.11.13"]
[EventType "swiss"]
[EventCountry "ITA"]
[SourceTitle "playchess.com"]
[Source "ChessBase"]
[SourceQuality "1"]
[TimeControl "40/5400+30:1800+30"]

1. e4 c5 2. Nf3 d6 3. d4 cxd4 4. Nxd4 Nf6 5. Nc3 a6 6. Qd3 e5 7. Nf5 Bxf5 8. exf5 d5 9. Bg5 d4 10. O-O-O Nbd7 11. Ne4 Qa5 12. Kb1 b5 13. Bxf6 gxf6 14. c3 Rd8 15. cxd4 Be7 16. Qg3 Kf8 17. Qe3 Kg7 18. d5 Rhe8 19. d6 Bf8 20. Be2 Kg8 21. Qb3 Bg7 22. Rc1 Nb6 23. Rc7 Rf8 24. Rd1 Rd7 25. Rxd7 Nxd7 26. Rc1 Nb6 27. a3 Rd8 28. Rc7 Qe1+ 29. Ka2 Nc4 30. Bxc4 Qxe4 31. Bd3 Qxg2 32. Qxf7+ Kh8 33. d7 Qa8 34. Qe6 1-0

[Event "FIDE WYCC Open U18 2023"]
[Site "Montesilvano"]
[Date "2023.11.15"]
[Round "3.10"]
[White "Olsson, William"]
[Black "Mierins, Emils Janis"]
[Result "1/2-1/2"]
[ECO "D46"]
[WhiteElo "2372"]
[BlackElo "2208"]
[Annotator "RC"]
[PlyCount "156"]
[EventDate "2023.11.13"]
[EventType "swiss"]
[EventCountry "ITA"]
[SourceTitle "playchess.com"]
[Source "ChessBase"]
[SourceQuality "1"]
[TimeControl "40/5400+30:1800+30"]

1. c4 c6 2. Nf3 d5 3. d4 Nf6 4. Nc3 e6 5. e3 Be7 6. b3 O-O 7. Bd3 Nbd7 8. O-O b6 9. Qe2 Bb7 10. Bb2 Re8 11. Rfd1 c5 12. cxd5 exd5 13. Rac1 Bf8 14. Ba6 Qc8 15. Bxb7 Qxb7 16. Qd3 Rad8 17. dxc5 Nxc5 18. Qf5 h6 19. Nd4 Nfe4 20. Nde2 g6 21. Qf3 Bg7 22. Nd4 Ng5 23. Qg4 Nce4 24. Ncb5 Rd7 25. h4 Ne6 26. Qe2 N6c5 27. Nf3 Nf6 28. b4 Ne6 29. Ne5 Rdd8 30. Nc6 Rd7 31. Be5 Ne4 32. Qb2 a6 33. Nbd4 Bf8 34. Nf3 Rc8 35. Ncd4 Nxd4 36. Qxd4 Rxc1 37. Rxc1 Nd6 38. Qf4 Ne4 39. Bd4 Re7 40. Nd2 Bg7 41. Nb3 Qd7 42. Qb8+ Re8 43. Qxb6 Re6 44. Qc7 Qa4 45. Qd8+ Re8 46. Qa5 Qb5 47. Qxb5 axb5 48. Bxg7 Kxg7 49. Rc6 Ra8 50. Na5 Rd8 51. f3 Ng3 52. Kf2 Nf5 53. e4 Nd4 54. Rc5 dxe4 55. fxe4 Ne6 56. Rxb5 Rd2+ 57. Kg3 Rxa2 58. Nc4 g5 59. hxg5 hxg5 60. Nd6 Kg6 61. Rb8 Rd2 62. Nf5 Re2 63. Kf3 Re1 64. g4 Kf6 65. b5 Rb1 66. b6 Rb3+ 67. Ke2 Nc5 68. Re8 Ne6 69. Rb8 Nc5 70. Nd6 Ke6 71. Nc4 Rb4 72. Nd2 Nd7 73. Re8+ Kf6 74. Kf3 Rxb6 75. e5+ Nxe5+ 76. Rxe5 Kxe5 77. Nc4+ Ke6 78. Nxb6 f5 1/2-1/2

[Event "FIDE WYCC Open U18 2023"]
[Site "Montesilvano"]
[Date "2023.11.15"]
[Round "3.11"]
[White "Khoder, Akram"]
[Black "Razafindratsima, Timothe"]
[Result "1/2-1/2"]
[ECO "E16"]
[WhiteElo "2191"]
[BlackElo "2462"]
[Annotator "RC"]
[PlyCount "206"]
[EventDate "2023.11.13"]
[EventType "swiss"]
[EventCountry "ITA"]
[SourceTitle "playchess.com"]
[Source "ChessBase"]
[SourceQuality "1"]
[TimeControl "40/5400+30:1800+30"]

1. d4 d5 2. c4 e6 3. g3 Nf6 4. Bg2 Bb4+ 5. Nd2 O-O 6. Ngf3 b6 7. O-O Bb7 8. cxd5 exd5 9. a3 Be7 10. b4 a5 11. b5 c6 12. Qa4 cxb5 13. Qxb5 Ba6 14. Qb2 Bd6 15. Ne5 Nbd7 16. Ndf3 Qe7 17. Bg5 Qe6 18. Bf4 Ne4 19. Rfc1 Rfe8 20. Rc6 f6 21. Nd3 Bb7 22. Rc2 g5 23. Bxd6 Nxd6 24. Nd2 Rac8 25. Bf3 Rxc2 26. Qxc2 Rc8 27. Qa2 Nb5 28. Qb2 Nc3 29. Nf1 Ne4 30. Ne3 f5 31. g4 f4 32. Nf5 Ba6 33. h4 Kf8 34. Kg2 h5 35. hxg5 hxg4 36. Bxg4 f3+ 37. exf3 Bxd3 38. Rh1 Qg8 39. a4 Rc3 40. Rc1 Qxg5 41. Rxc3 Nxc3 42. Qa3+ Kg8 43. Ne7+ Kf7 44. Qxc3 Be4 45. Kg3 Bxf3 46. Qxf3+ Kxe7 47. Qa3+ Kf7 48. Qf3+ Nf6 49. Qf5 Qxf5 50. Bxf5 Ne8 51. Kf4 Nd6 52. Bc2 Ke6 53. Ke3 Kd7 54. Kd3 Ne4 55. Ke3 Nd6 56. Kd3 Ke7 57. Ke3 Kf6 58. Bb3 Nf5+ 59. Kd3 Ne7 60. Ke3 Kg5 61. Ba2 Kf5 62. Bb3 Ke6 63. Kd3 Nf5 64. Ba2 Nd6 65. Bb3 Ne4 66. Ke3 Nf6 67. Ba2 Ng4+ 68. Kf3 Nh6 69. Ke3 Nf5+ 70. Kd3 Nh4 71. Bb3 Kd6 72. Ke3 Nf5+ 73. Kd3 Nh6 74. Ke3 Ng4+ 75. Kf3 Nf6 76. Ke3 Kc6 77. Kf4 Kd6 78. Ke3 Ng8 79. Kd3 Ne7 80. Kc3 Ng8 81. Kd3 Nf6 82. Ke3 Ne8 83. Kd3 Nc7 84. Kc3 Ke6 85. Kd3 Kf6 86. Ke3 Kf5 87. Ba2 Ke6 88. Bb3 Ne8 89. Kd3 Nd6 90. Ke3 Ne4 91. Bc2 Nd6 92. Bb3 b5 93. axb5 Nxb5 94. Kd3 Nd6 95. Ba4 Nc4 96. Kc3 Kf5 97. Bc6 Nb6 98. f3 Kf4 99. Kb3 a4+ 100. Kb4 Kxf3 101. Bxd5+ Nxd5+ 102. Kxa4 Ke3 103. Kb5 Kxd4 1/2-1/2

[Event "FIDE WYCC Open U18 2023"]
[Site "Montesilvano"]
[Date "2023.11.15"]
[Round "3.12"]
[White "Marakovits, Nico"]
[Black "Kostolansky, Sebastian Lukas"]
[Result "0-1"]
[ECO "E59"]
[WhiteElo "2324"]
[BlackElo "2427"]
[Annotator "RC"]
[PlyCount "56"]
[EventDate "2023.11.13"]
[EventType "swiss"]
[EventCountry "ITA"]
[SourceTitle "playchess.com"]
[Source "ChessBase"]
[SourceQuality "1"]
[TimeControl "40/5400+30:1800+30"]

1. d4 Nf6 2. c4 e6 3. Nc3 Bb4 4. e3 O-O 5. Bd3 d5 6. Nf3 dxc4 7. Bxc4 c5 8. O-O Nc6 9. a3 Bxc3 10. bxc3 Qc7 11. Re1 e5 12. h3 e4 13. Nd2 Bf5 14. Bf1 Rad8 15. a4 Rfe8 16. Bb2 b6 17. Qc1 Nd5 18. c4 Ndb4 19. Nb3 Rd6 20. Qc3 Rg6 21. Kh1 Qe7 22. d5 Bxh3 23. dxc6 Bxg2+ 24. Bxg2 Qg5 25. Bh3 Qh4 26. Kh2 Qxf2+ 27. Kh1 Qf3+ 28. Kh2 Qg3+ 0-1

[Event "FIDE WYCC Open U18 2023"]
[Site "Montesilvano"]
[Date "2023.11.15"]
[Round "3.13"]
[White "Orozbaev, Eldiar"]
[Black "Arfan, Aditya Bagus"]
[Result "0-1"]
[ECO "B22"]
[WhiteElo "2278"]
[BlackElo "2415"]
[Annotator "RC"]
[PlyCount "132"]
[EventDate "2023.11.13"]
[EventType "swiss"]
[EventCountry "ITA"]
[SourceTitle "playchess.com"]
[Source "ChessBase"]
[SourceQuality "1"]
[TimeControl "40/5400+30:1800+30"]

1. e4 c5 2. c3 d5 3. exd5 Qxd5 4. d4 Nf6 5. Nf3 e6 6. Na3 Nc6 7. Nb5 Qd8 8. dxc5 Bxc5 9. Qxd8+ Kxd8 10. b4 Bb6 11. Nd6 Ke7 12. Nc4 Ne4 13. Nxb6 axb6 14. Bb2 Rd8 15. Bc4 e5 16. O-O Be6 17. Bxe6 Kxe6 18. Rfe1 Nd2 19. b5 Nxf3+ 20. gxf3 Na5 21. Re4 f5 22. Ra4 Rac8 23. Re1 Rd3 24. Rd4 Rd8 25. f4 R8xd4 26. Rxe5+ Kd6 27. cxd4 Nc4 28. Re2 Nxb2 29. Rxb2 Rxd4 30. Rb3 Rxf4 31. Rd3+ Ke6 32. Rd8 Rc4 33. Re8+ Kd6 34. Rd8+ Kc5 35. Rd7 Rg4+ 36. Kf1 Kxb5 37. Rxb7 h6 38. Rf7 g6 39. Rf6 Kc5 40. h3 Ra4 41. Rxg6 Rxa2 42. Rxh6 b5 43. Rh8 b4 44. Rb8 Kc4 45. h4 b3 46. h5 Ra6 47. Ke2 Rh6 48. Rc8+ Kb4 49. Kd2 Rxh5 50. Rb8+ Ka3 51. Ra8+ Kb2 52. Rf8 Kb1 53. Rb8 b2 54. Rb5 Rh1 55. Rxf5 Ka2 56. Ra5+ Kb3 57. Rb5+ Ka3 58. Kc3 Rc1+ 59. Kd4 b1=Q 60. Rxb1 Rxb1 61. f4 Kb4 62. f5 Rf1 63. Ke5 Kc5 64. Ke6 Kc6 65. f6 Re1+ 66. Kf7 Kd7 0-1

[Event "FIDE WYCC Open U18 2023"]
[Site "Montesilvano"]
[Date "2023.11.15"]
[Round "3.14"]
[White "Kristoferitsch, Daniel"]
[Black "Nguyen, Quoc Hy"]
[Result "1/2-1/2"]
[ECO "E39"]
[WhiteElo "2270"]
[BlackElo "2392"]
[Annotator "RC"]
[PlyCount "148"]
[EventDate "2023.11.13"]
[EventType "swiss"]
[EventCountry "ITA"]
[SourceTitle "playchess.com"]
[Source "ChessBase"]
[SourceQuality "1"]
[TimeControl "40/5400+30:1800+30"]

1. d4 Nf6 2. c4 e6 3. Nc3 Bb4 4. Qc2 c5 5. dxc5 O-O 6. a3 Bxc5 7. Nf3 b6 8. Bg5 Bb7 9. Rd1 h6 10. Bh4 Be7 11. e3 Nh5 12. Bxe7 Qxe7 13. Be2 Nf6 14. O-O d6 15. Nd2 Rc8 16. Qb1 Nc6 17. Nde4 Nxe4 18. Nxe4 Rd8 19. Rd2 Ne5 20. Rfd1 d5 21. cxd5 Bxd5 22. Nc3 Bb7 23. Rxd8+ Rxd8 24. Rxd8+ Qxd8 25. f4 Nd7 26. Qd1 Qc8 27. Qd6 Nf6 28. Qd4 Nd5 29. Kf2 Nxc3 30. Qxc3 Qxc3 31. bxc3 Kf8 32. g3 Ke7 33. Ke1 Kd6 34. Kd2 Kc5 35. c4 Kd6 36. Kc3 e5 37. Bh5 f6 38. Bg4 Bc6 39. Bf5 Be8 40. Be4 Bh5 41. Kb4 Be8 42. Bf5 a6 43. Be4 Bd7 44. Bb7 a5+ 45. Kc3 Be6 46. Ba6 Bh3 47. Bb5 Bc8 48. Be8 Ba6 49. Bf7 Bb7 50. Bg8 Be4 51. Bf7 Ke7 52. Bg8 Bc6 53. Bh7 Ke6 54. Bg6 f5 55. Bh7 Bd7 56. Bg8+ Kd6 57. Bf7 Bc8 58. Be8 Be6 59. Ba4 g5 60. Be8 Ke7 61. Bc6 Kf6 62. Ba4 h5 63. h4 gxf4 64. gxf4 Bf7 65. Bc6 exf4 66. exf4 Ke7 67. Kd4 Kd6 68. Ba4 Bg6 69. Bc2 Bh7 70. Bd1 Bg6 71. Ba4 Bf7 72. Bc2 Bg6 73. Ba4 Bf7 74. Bc2 Bg6 1/2-1/2

[Event "FIDE WYCC Open U18 2023"]
[Site "Montesilvano"]
[Date "2023.11.15"]
[Round "3.15"]
[White "Harshad S"]
[Black "Bai, Adelard"]
[Result "1/2-1/2"]
[ECO "C60"]
[WhiteElo "2263"]
[BlackElo "2384"]
[Annotator "RC"]
[PlyCount "93"]
[EventDate "2023.11.13"]
[EventType "swiss"]
[EventCountry "ITA"]
[SourceTitle "playchess.com"]
[Source "ChessBase"]
[SourceQuality "1"]
[TimeControl "40/5400+30:1800+30"]

1. e4 e5 2. Nf3 Nc6 3. Bb5 g6 4. c3 Bg7 5. d4 exd4 6. cxd4 a6 7. Bxc6 dxc6 8. h3 Ne7 9. Nc3 h6 10. Bf4 g5 11. Bg3 Ng6 12. O-O h5 13. Ne5 Nxe5 14. Bxe5 Bxe5 15. dxe5 Qe7 16. Qd4 Be6 17. Ne2 Rd8 18. Qc3 Qd7 19. Rad1 Qxd1 20. Rxd1 Rxd1+ 21. Kh2 Kd8 22. Qe3 Rg8 23. Ng3 h4 24. Nh5 b6 25. Nf6 Rh8 26. b3 Kc8 27. Qxg5 Rhd8 28. f4 Kb7 29. f5 Bc8 30. Qxh4 R8d2 31. Qg4 Ra1 32. h4 Rdd1 33. h5 Rh1+ 34. Kg3 Rxa2 35. Qf4 Rb2 36. h6 Rxb3+ 37. Kg4 Rb2 38. g3 a5 39. h7 a4 40. Qf3 Rbh2 41. Qa3 b5 42. Qe7 Rxh7 43. Nxh7 Rxh7 44. e6 Bxe6 45. Qc5 Bc4 46. e5 Rh1 47. Qe3 1/2-1/2

[Event "FIDE WYCC Open U18 2023"]
[Site "Montesilvano"]
[Date "2023.11.15"]
[Round "3.16"]
[White "Jiang, Qinyu"]
[Black "Cesar Maestre, Bernardo"]
[Result "1/2-1/2"]
[ECO "B90"]
[WhiteElo "2247"]
[BlackElo "2373"]
[Annotator "RC"]
[PlyCount "79"]
[EventDate "2023.11.13"]
[EventType "swiss"]
[EventCountry "ITA"]
[SourceTitle "playchess.com"]
[Source "ChessBase"]
[SourceQuality "1"]
[TimeControl "40/5400+30:1800+30"]

1. e4 c5 2. Nf3 d6 3. d4 cxd4 4. Nxd4 Nf6 5. Nc3 a6 6. Be3 e5 7. Nb3 Be7 8. f3 Be6 9. Qd2 h5 10. Be2 Nbd7 11. Nd5 Bxd5 12. exd5 Qc7 13. Rc1 h4 14. O-O O-O 15. g4 a5 16. Bb5 a4 17. Na1 Nh7 18. c4 Qd8 19. Nc2 Nc5 20. Kh1 f5 21. gxf5 Rxf5 22. Bxc5 dxc5 23. Qd3 Rf4 24. Rce1 Bd6 25. Ne3 Ng5 26. Ng2 Rd4 27. Qg6 Qf6 28. Qxf6 gxf6 29. f4 exf4 30. Nxh4 Rd2 31. Nf5 Be5 32. Rg1 Kf7 33. Rg2 Rxg2 34. Kxg2 f3+ 35. Kf2 a3 36. b3 Kg6 37. Nh4+ Kf7 38. Nf5 Kg6 39. Nh4+ Kf7 40. Nf5 1/2-1/2

[Event "FIDE WYCC Open U18 2023"]
[Site "Montesilvano"]
[Date "2023.11.15"]
[Round "3.17"]
[White "Chen, Hongsen"]
[Black "Frank, Adam"]
[Result "1-0"]
[ECO "D34"]
[WhiteElo "2061"]
[BlackElo "2330"]
[Annotator "RC"]
[PlyCount "177"]
[EventDate "2023.11.13"]
[EventType "swiss"]
[EventCountry "ITA"]
[SourceTitle "playchess.com"]
[Source "ChessBase"]
[SourceQuality "1"]
[TimeControl "40/5400+30:1800+30"]

1. d4 d5 2. c4 e6 3. Nc3 c5 4. cxd5 exd5 5. Nf3 Nf6 6. g3 Nc6 7. Bg2 Be7 8. dxc5 Bxc5 9. O-O O-O 10. Bg5 d4 11. Ne4 Be7 12. Bxf6 Bxf6 13. Qd2 Bf5 14. Nxf6+ Qxf6 15. Qf4 Rfe8 16. Nh4 Be4 17. Qxf6 gxf6 18. Nf3 Bd5 19. Rfd1 Rad8 20. b3 a5 21. Rd2 a4 22. bxa4 Ra8 23. Nxd4 Bxg2 24. Kxg2 Nxd4 25. Rxd4 Rxe2 26. a3 Ra5 27. Rd3 Ra8 28. Rd4 Ra5 29. Rf4 Kg7 30. Rb1 Ra2 31. Ra1 Re2 32. Rb1 Ra2 33. Rxb7 Re2 34. Rb1 Ra2 35. Rb7 Re2 36. Rb1 Ra2 37. Rb7 Rxa3 38. Rg4+ Rg5 39. Rd4 Ra5 40. Rg4+ Rg5 41. Rd4 Ra2 42. Rf4 Ra3 43. Rd4 Ra2 44. Rb5 Ra3 45. Rb7 Ra2 46. Rb5 h5 47. h4 Re5 48. Rf4 Rg5 49. Rd4 Re5 50. Rf4 Rg5 51. Rd4 Re5 52. Rf4 Kg6 53. Rb8 Kg7 54. Rb5 Kg6 55. Rb8 Ra5 56. Rb6 Rf5 57. Rb5 Re5 58. Rb8 Ra5 59. Rb6 Rf5 60. Rb5 Re5 61. Rb8 Ra5 62. Rb6 Rf5 63. Rb5 Re5 64. Rb8 Ra5 65. Rb6 Rf5 66. Rxf5 Kxf5 67. Rb5+ Kg6 68. Rb6 Kf5 69. Rb5+ Kg6 70. Rb6 Kf5 71. Rb5+ Kg6 72. Rb4 Kf5 73. Rf4+ Ke5 74. Kf3 f5 75. Ke3 Ra3+ 76. Kd2 Rb3 77. Kc2 Ra3 78. Kb2 Rd3 79. a5 Rd5 80. Ra4 f4 81. gxf4+ Ke6 82. a6 Rd8 83. a7 Ra8 84. Kc3 Kd5 85. Kb2 Ke6 86. Kc3 Kd5 87. Kb2 Ke6 88. Kc3 Kd5 89. Kd3 1-0

[Event "FIDE WYCC Open U18 2023"]
[Site "Montesilvano"]
[Date "2023.11.15"]
[Round "3.18"]
[White "Prraneeth Vuppala"]
[Black "Kasipour Azbari, Seyed Arvin"]
[Result "1-0"]
[ECO "B29"]
[WhiteElo "2512"]
[BlackElo "2261"]
[Annotator "RC"]
[PlyCount "233"]
[EventDate "2023.11.13"]
[EventType "swiss"]
[EventCountry "ITA"]
[SourceTitle "playchess.com"]
[Source "ChessBase"]
[SourceQuality "1"]
[TimeControl "40/5400+30:1800+30"]

1. e4 c5 2. Nf3 Nf6 3. e5 Nd5 4. Nc3 e6 5. Ne4 f5 6. Nc3 Ne7 7. Nb1 Nd5 8. Nc3 Ne7 9. Nb1 Nd5 10. Nc3 Ne7 11. Nb5 Ng6 12. Nc3 Ne7 13. Nb5 Ng6 14. Nc3 Ne7 15. Nb5 Ng6 16. h4 Nc6 17. Nd6+ Bxd6 18. exd6 Qf6 19. d4 Nxd4 20. Nxd4 Qxd4 21. Qxd4 cxd4 22. h5 Ne5 23. Bf4 Nf7 24. O-O-O b6 25. Bc4 Bb7 26. Bf1 Bc8 27. Bc4 Bb7 28. f3 O-O-O 29. Rxd4 g5 30. Bh2 Rhg8 31. Bf4 Rh8 32. Bh2 Rhg8 33. Re1 Rh8 34. Rh1 Rhg8 35. Re1 Rh8 36. Rh1 Rhg8 37. Re1 Kb8 38. Be5 Kc8 39. Bh2 Kb8 40. Be5 Kc8 41. Bh2 Kb8 42. Be5 Nxe5 43. Rxe5 g4 44. fxg4 fxg4 45. g3 Rdf8 46. Bd3 Rd8 47. Bc4 Rdf8 48. Bd3 h6 49. Bg6 Rf1+ 50. Kd2 Rff8 51. Kc1 Rf1+ 52. Kd2 Bf3 53. Rf4 Rd1+ 54. Ke3 Rxd6 55. Bd3 Rd4 56. Bg6 Rd6 57. Bd3 Rd4 58. Bg6 Rd6 59. Bd3 Rd4 60. Bg6 Rd6 61. Bd3 Rd4 62. Bg6 Rd6 63. Bd3 Rd4 64. Bg6 Rd6 65. Bd3 Kc7 66. Bg6 Kb8 67. Bd3 Kc7 68. Rf6 Rh8 69. Rg6 Rg8 70. Rf6 Rh8 71. Rg6 Rg8 72. Rf6 Rh8 73. Rg6 Rc6 74. c3 Kd6 75. Rb5 Rc5 76. a4 Rxb5 77. axb5 Ke5 78. Rg7 Kd6 79. Rf7 Bd5 80. c4 Bf3 81. b4 Bd1 82. Be4 Bb3 83. Kd4 Bd1 84. Ke3 Bb3 85. Kd4 Rc8 86. Bd3 Rh8 87. Be4 Rc8 88. Bd3 e5+ 89. Kc3 Bd1 90. Bf5 Bb3 91. Bd3 Bd1 92. Bf5 Rc7 93. Bd3 Rc8 94. Bf5 Rc7 95. Bd3 Rc8 96. Bf5 Rc7 97. Bd3 Rc8 98. Bf5 Rc7 99. Rf6+ Ke7 100. Rxh6 Be2 101. Rf6 Bd1 102. Rh6 Be2 103. Rf6 Bd1 104. Rh6 Be2 105. Rf6 Bd1 106. Rh6 Be2 107. Be6 Bf3 108. Kd3 Bd1 109. Kc3 Bf3 110. Kd3 Rc8 111. Bd5 Rf8 112. Rh7+ Kd6 113. Bf7 Ke7 114. Bd5+ Kd6 115. Bf7 Rh8 116. Bg6 Bb7 117. Rxd7+ 1-0

[Event "FIDE WYCC Open U18 2023"]
[Site "Montesilvano"]
[Date "2023.11.15"]
[Round "3.19"]
[White "Nied, Pascal"]
[Black "Tadic, Stefan"]
[Result "1/2-1/2"]
[ECO "C72"]
[WhiteElo "2172"]
[BlackElo "2407"]
[Annotator "RC"]
[PlyCount "236"]
[EventDate "2023.11.13"]
[EventType "swiss"]
[EventCountry "ITA"]
[SourceTitle "playchess.com"]
[Source "ChessBase"]
[SourceQuality "1"]
[TimeControl "40/5400+30:1800+30"]

1. e4 e5 2. Nf3 Nc6 3. Bb5 a6 4. Ba4 d6 5. O-O Bd7 6. c4 g6 7. d4 Bg7 8. Bxc6 Bxc6 9. Nc3 Ne7 10. Re1 O-O 11. Be3 b6 12. Qd2 f5 13. Bh6 fxe4 14. Bxg7 exf3 15. Bxf8 Qxf8 16. dxe5 Qf5 17. Qd4 Qf8 18. Qd2 Qf5 19. Qd4 Qf8 20. Qd2 Qf5 21. Qd4 Qf8 22. Qd2 Qf5 23. Qd4 Qf8 24. Qd2 Qf5 25. Qd4 Qf8 26. Qd2 Qf5 27. Qd4 Qg5 28. Qd2 Qf5 29. Qd4 Qg5 30. g3 Qf5 31. Kh1 Qf8 32. Kg1 Qf5 33. Kh1 Qh3 34. Rg1 Nf5 35. Rge1 Ne7 36. Rg1 Nf5 37. Qf4 Ne7 38. Qd4 Nf5 39. Qf4 Nh6 40. g4 Rf8 41. Qg3 Qxg3 42. Rxg3 Rf4 43. exd6 cxd6 44. h3 Rxc4 45. Rd1 Nf7 46. Nd5 Kg7 47. Ne3 Rc5 48. Rgg1 Ng5 49. Rg3 Nf7 50. Rgg1 Ng5 51. Kh2 Ne4 52. Rgf1 Bb5 53. Rfe1 Bc6 54. Rf1 Bb5 55. Rfe1 Bc6 56. Rf1 Bb5 57. Rfe1 Nxf2 58. Rxd6 Ne4 59. Rd4 Nf2 60. Rd6 Ne4 61. Rd4 Nf2 62. Rd6 Ne4 63. Rd4 Bc6 64. Rc4 Rxc4 65. Nxc4 f2 66. Rc1 Kf6 67. Ne3 Bb5 68. Re1 Bc6 69. Rc1 Bb5 70. Kg2 Bc6 71. Kh2 Bb5 72. Kg2 Nc5 73. Kh2 Ne4 74. Kg2 Nc5 75. Kh2 Ne4 76. Kg2 Nc5 77. Kh2 Ne4 78. Kg2 Nc5 79. Rc2 Ne4 80. Rc1 Nc5 81. Rc2 Nd3 82. Rc3 Nc5 83. Rc2 Nd3 84. Rc3 Nc5 85. Rc2 Nd3 86. Rc3 Nc5 87. b4 Ne4 88. Rc7 h5 89. gxh5 gxh5 90. Rb7 Ke5 91. Nf1 h4 92. Rh7 Ng3 93. Rb7 Ne4 94. Rh7 Ng3 95. Kxf2 Bxf1 96. Rxh4 Nf5 97. Rh8 Ng3 98. Rh4 Nf5 99. Rh8 Bc4 100. Rb8 b5 101. a3 Kd4 102. Ra8 Kc3 103. Rb8 Kd4 104. Ra8 Kc3 105. Rxa6 Kb3 106. Kf3 Bf1 107. Ke4 Bxh3 108. Kd5 Bf1 109. Kc5 Ng3 110. Re6 Nf5 111. Ra6 Ng3 112. Re6 Nh5 113. Re5 Nf6 114. Re6 Nh5 115. Re5 Nf6 116. Rf5 Ne4+ 117. Kb6 Bc4 118. Rxb5 Bxb5 1/2-1/2

[Event "FIDE WYCC Open U18 2023"]
[Site "Montesilvano"]
[Date "2023.11.15"]
[Round "3.20"]
[White "Brnusak, Tomas"]
[Black "Amilal Munkhdalai"]
[Result "0-1"]
[ECO "B47"]
[WhiteElo "2171"]
[BlackElo "2404"]
[Annotator "RC"]
[PlyCount "130"]
[EventDate "2023.11.13"]
[EventType "swiss"]
[EventCountry "ITA"]
[SourceTitle "playchess.com"]
[Source "ChessBase"]
[SourceQuality "1"]
[TimeControl "40/5400+30:1800+30"]

1. e4 c5 2. Nf3 Nc6 3. d4 cxd4 4. Nxd4 Qc7 5. Nc3 e6 6. g4 a6 7. Be3 b5 8. Nxc6 Qxc6 9. Qd2 b4 10. Ne2 Qxe4 11. Rg1 Qc6 12. O-O-O Nf6 13. Bg2 d5 14. g5 Nd7 15. Bd4 Bb7 16. f4 O-O-O 17. Kb1 Kb8 18. Rc1 Nf6 19. Rcd1 Nd7 20. Rc1 f6 21. gxf6 gxf6 22. Bh3 Qd6 23. Ng3 Qc6 24. Ne2 Qd6 25. Ng3 Bh6 26. Be3 Rc8 27. b3 Rhe8 28. Rge1 Bf8 29. Rg1 Bh6 30. Rge1 Bf8 31. Qd3 f5 32. Bd4 Qxf4 33. Rg1 Bc5 34. Ne2 Qd6 35. Rg7 Qf4 36. Rgg1 Qd6 37. Rg7 Qf4 38. Rgg1 Qd6 39. Rg7 Re7 40. Rcg1 Ree8 41. Rc1 Re7 42. Rcg1 Rxg7 43. Rxg7 Bxd4 44. Qxd4 Qxh2 45. Qf4+ Qxf4 46. Nxf4 Nc5 47. a3 a5 48. axb4 axb4 49. Kb2 d4 50. Rxh7 Be4 51. Bf1 e5 52. Nd3 Bxd3 53. cxd3 e4 54. Rf7 exd3 55. Rxf5 d2 56. Be2 Nd3+ 57. Kb1 d1=Q+ 58. Bxd1 Rc1+ 59. Ka2 Rxd1 60. Rb5+ Kc7 61. Rb7+ Kd6 62. Rb6+ Ke5 63. Re6+ Kf5 64. Rf6+ Ke4 65. Re6+ Ne5 0-1

[Event "FIDE WYCC Open U18 2023"]
[Site "Montesilvano"]
[Date "2023.11.15"]
[Round "3.21"]
[White "Colbow, Collin"]
[Black "Gagic, Milan A"]
[Result "1/2-1/2"]
[ECO "B13"]
[WhiteElo "2403"]
[BlackElo "2164"]
[Annotator "RC"]
[PlyCount "170"]
[EventDate "2023.11.13"]
[EventType "swiss"]
[EventCountry "ITA"]
[SourceTitle "playchess.com"]
[Source "ChessBase"]
[SourceQuality "1"]
[TimeControl "40/5400+30:1800+30"]

1. e4 c6 2. d4 d5 3. exd5 cxd5 4. Bd3 Nc6 5. c3 Nf6 6. Nf3 Bg4 7. h3 Bh5 8. Bf4 e6 9. Nbd2 Bd6 10. Bxd6 Qxd6 11. O-O O-O 12. Re1 Rab8 13. a4 Rfc8 14. Qb1 Bg6 15. Bxg6 hxg6 16. Ne5 Nd7 17. Nxd7 Qxd7 18. Qd3 Na5 19. Nf3 Qc7 20. Nd2 Qd7 21. Nf3 Qc7 22. Nd2 Qd7 23. Nf3 Qc7 24. Nd2 Qd7 25. Nf3 Qc7 26. Qe3 Nc4 27. Qg5 Nxb2 28. Qh4 f6 29. Qg4 Qf7 30. Re2 Nc4 31. Rxe6 Re8 32. Rxe8+ Rxe8 33. h4 Re4 34. Qg3 Kh7 35. Qg4 Kg8 36. Qg3 Kh7 37. a5 Qe6 38. Qb8 Re2 39. Qxb7 Ne3 40. fxe3 Qg4 41. Ng5+ fxg5 42. Qxd5 Qxh4 43. Qf3 Rc2 44. Qh3 Rxc3 45. Qxh4+ gxh4 46. Kf2 g5 47. Kf3 g4+ 48. Kf4 g5+ 49. Kxg5 Rxe3 50. Kxh4 Rd3 51. Ra4 g3 52. Rc4 Kg6 53. Rc7 Rxd4+ 54. Kxg3 a6 55. Rc6+ Kg5 56. Rxa6 Rd3+ 57. Kh2 Ra3 58. Ra8 Kg6 59. a6 Kg7 60. g3 Ra4 61. Kg2 Ra3 62. Kf2 Kh7 63. Kg2 Kg7 64. Kh3 Ra4 65. Ra7+ Kg6 66. Ra8 Kg7 67. g4 Kh7 68. Kh4 Kg6 69. Kg3 Kg7 70. Kf3 Kh7 71. g5 Ra5 72. Kg4 Kg6 73. Kf4 Kg7 74. Kf3 Kh7 75. Kg4 Kg6 76. Kf4 Kg7 77. Kf3 Kh7 78. Kg4 Kg6 79. Kf4 Kg7 80. Ke4 Rxg5 81. Rb8 Ra5 82. Rb6 Kf7 83. Kd4 Ke7 84. Kc4 Kd7 85. Kb4 Ra1 1/2-1/2

[Event "FIDE WYCC Open U18 2023"]
[Site "Montesilvano"]
[Date "2023.11.15"]
[Round "3.22"]
[White "Novosel, Lovro"]
[Black "Briem, Benedikt"]
[Result "0-1"]
[ECO "E15"]
[WhiteElo "2375"]
[BlackElo "2149"]
[Annotator "RC"]
[PlyCount "90"]
[EventDate "2023.11.13"]
[EventType "swiss"]
[EventCountry "ITA"]
[SourceTitle "playchess.com"]
[Source "ChessBase"]
[SourceQuality "1"]
[TimeControl "40/5400+30:1800+30"]

1. d4 d5 2. c4 e6 3. Nf3 Nf6 4. g3 Bb4+ 5. Bd2 Be7 6. Bg2 O-O 7. O-O c6 8. Qc2 Nbd7 9. Rd1 b6 10. b3 Ba6 11. Bf4 Rc8 12. Nbd2 Nh5 13. Be3 Nhf6 14. h3 c5 15. Qb2 dxc4 16. bxc4 Bb7 17. Rac1 cxd4 18. Bxd4 Qc7 19. Nb3 Bxf3 20. Bxf3 e5 21. Be3 Nc5 22. Na1 h6 23. Qb5 Rfd8 24. Rxd8+ Rxd8 25. Nc2 Ne6 26. Nb4 Bxb4 27. Qxb4 Nd4 28. Qb2 Nf5 29. Qc3 Nxe3 30. Qxe3 Rd4 31. Qc3 Qc5 32. e3 Rd8 33. Kg2 Rc8 34. a4 e4 35. Be2 a6 36. Rc2 b5 37. Qa5 b4 38. Qxa6 b3 39. Rb2 Rb8 40. a5 Ne8 41. Rxb3 Rxb3 42. Qa8 Kf8 43. Bg4 Qc7 44. a6 Rb8 45. Qxe4 Nf6 0-1

[Event "FIDE WYCC Open U18 2023"]
[Site "Montesilvano"]
[Date "2023.11.15"]
[Round "3.23"]
[White "Manish Anto Cristiano F"]
[Black "Miazhynski, Michael"]
[Result "1-0"]
[ECO "B15"]
[WhiteElo "2366"]
[BlackElo "2109"]
[Annotator "RC"]
[PlyCount "69"]
[EventDate "2023.11.13"]
[EventType "swiss"]
[EventCountry "ITA"]
[SourceTitle "playchess.com"]
[Source "ChessBase"]
[SourceQuality "1"]
[TimeControl "40/5400+30:1800+30"]

1. e4 c6 2. d4 d5 3. Nc3 dxe4 4. Nxe4 Nf6 5. Nxf6+ exf6 6. Be3 Bd6 7. Bd3 Na6 8. a3 Nc7 9. c4 O-O 10. Qc2 g6 11. Ne2 Ne6 12. O-O f5 13. d5 cxd5 14. cxd5 Nc7 15. Bc4 Re8 16. Rad1 Bd7 17. Ba2 Qh4 18. g3 Qg4 19. Rfe1 Rac8 20. Qd2 Bb5 21. Nd4 Bd7 22. Kg2 a6 23. f3 Qh5 24. Bf4 Bf8 25. d6 Rxe1 26. Rxe1 Ne8 27. Ne6 Nf6 28. Ng5 Bc6 29. Qd3 Bb5 30. Bxf7+ Kg7 31. Qb3 h6 32. Ne6+ Kxf7 33. Nd8+ Kg7 34. Qf7+ Kh8 35. Qxf8+ 1-0

[Event "FIDE WYCC Open U18 2023"]
[Site "Montesilvano"]
[Date "2023.11.15"]
[Round "3.24"]
[White "Posaskov, Nikita"]
[Black "Talibov, Shiroghlan"]
[Result "0-1"]
[ECO "D48"]
[WhiteElo "2169"]
[BlackElo "2362"]
[Annotator "RC"]
[PlyCount "130"]
[EventDate "2023.11.13"]
[EventType "swiss"]
[EventCountry "ITA"]
[SourceTitle "playchess.com"]
[Source "ChessBase"]
[SourceQuality "1"]
[TimeControl "40/5400+30:1800+30"]

1. d4 Nf6 2. c4 e6 3. Nf3 d5 4. Nc3 c6 5. e3 Nbd7 6. Bd3 dxc4 7. Bxc4 b5 8. Bd3 Bb7 9. O-O a6 10. e4 c5 11. d5 c4 12. Bc2 Qb6 13. dxe6 fxe6 14. Be3 Bc5 15. Bxc5 Qxc5 16. Qe2 O-O 17. Rad1 Rad8 18. Nd4 Rfe8 19. h3 Nf8 20. Qe3 e5 21. Nf5 Qxe3 22. Nxe3 Ne6 23. a4 Nd4 24. Bb1 Bc6 25. axb5 axb5 26. f3 Re7 27. Kf2 Ra7 28. Nc2 Rad7 29. Nb4 Bb7 30. Rd2 g5 31. Rfd1 Kf7 32. Nc2 Bc6 33. Nb4 Bb7 34. Nc2 Nxc2 35. Rxd7+ Rxd7 36. Bxc2 Bc6 37. Rxd7+ Bxd7 38. Nd1 Ke7 39. b3 Kd6 40. b4 Ne8 41. Ke3 Nc7 42. Nc3 Ne6 43. Kf2 h5 44. Bd1 Nf4 45. Be2 Kc6 46. Bf1 Ne6 47. Be2 Nd4 48. Bd1 Be6 49. Ke3 Kb6 50. Kd2 Nc6 51. Na2 c3+ 52. Nxc3 Nxb4 53. Be2 Bd7 54. f4 exf4 55. Bxh5 Kc5 56. h4 gxh4 57. Ne2 Nc6 58. Nxf4 Kd4 59. Bf7 Kxe4 60. Ne2 Nd4 61. Ng1 Bf5 62. Bh5 b4 63. Bd1 Kf4 64. Be2 Kg3 65. Bf3 Kf2 0-1